 Dungeon Crawl Stone Soup version 0.23-a0-419-g0174fd8 (webtiles) character file.

97 pmoppi the Cudgeler (level 4, -2/24 HPs)
             Began as a Vine Stalker Monk on Nov 13, 2018.
             Slain by Grinder (3 damage)
             ... while paralysed by Grinder
             ... on level 3 of the Dungeon.
             The game lasted 00:02:40 (2036 turns).

pmoppi the Cudgeler (Vine Stalker Monk)             Turns: 2036, Time: 00:02:40

Health: -2/24      AC:  7    Str: 14    XL:     4   Next: 68%
Magic:  0/5        EV:  2    Int: 10    God:
Gold:   104        SH:  0    Dex: 17    Spells: 3/3 levels left

rFire    . . .     SeeInvis .   a - +0 mace
rCold    . . .     Gourm    .   (no shield)
rNeg     . . .     Faith    .   b - +0 robe
rPois    .         Spirit   +   n - +1 helmet
rElec    .         Reflect  .   (no cloak)
rCorr    .         Harm     .   q - +2 pair of gloves
MR       .....                  (no boots)
Stlth    ++........             (no amulet)
HPRegen  0.48/turn              (no ring)
MPRegen  0.09/turn              (no ring)

@: paralysed
A: fangs 2, regeneration 1, magic shield, antimagic bite, no potion heal 3, rot
immunity
a: no special abilities


You were on level 3 of the Dungeon.
You were hungry.

You visited 1 branch of the dungeon, and saw 3 of its levels.

You collected 104 gold pieces.

Inventory:

Hand Weapons
 a - a +0 mace (weapon)
 v - a +0 flail
Armour
 b - a +0 robe (worn)
 n - a +1 helmet (worn)
 q - a +2 pair of gloves (worn)
 w - a +0 ring mail
Jewellery
 h - an uncursed ring of protection from fire {unknown}
Wands
 r - a wand of flame (14)
 s - a wand of clouds (6)
Scrolls
 g - 3 scrolls of teleportation {unknown}
 k - a scroll of fear {unknown}
 m - 2 scrolls of blinking {unknown}
 o - a scroll of remove curse {unknown}
Potions
 d - 2 potions of cancellation {unknown}
 e - 2 potions of berserk rage {unknown}
 f - a potion of heal wounds {unknown}
 i - a potion of brilliance {unknown}
 j - a potion of agility {unknown}
 l - a potion of magic {unknown}
 p - a potion of haste {unknown}
 u - a potion of might
Comestibles
 c - 2 rations
 t - 6 chunks of flesh


   Skills:
 + Level 3.2 Fighting
 * Level 3.6 Maces & Flails
 + Level 1.2 Armour
 + Level 2.9 Dodging
 - Level 2.4 Stealth


You had 3 spell levels left.
You didn't know any spells.
Your spell library was empty.

Dungeon Overview and Level Annotations

Branches:
Dungeon (3/15)

Altars:
Kikubaaqudgha
Ru
Wu Jian

Annotations:
D:3 Grinder


Innate Abilities, Weirdness & Mutations

You have extremely sharp teeth.
Your natural rate of healing is unusually fast.
When hurt, damage is shared between your health and your magic reserves.
Your bite disrupts and absorbs the magic of your enemies.
Potions cannot restore your health.
You are immune to rotting.


Message History

There is an open door here.
Things that are here:
a +0 ring mail; a +0 flail; a +0 leather armour
v - a +0 flail;
w - a +0 ring mail Grinder barely misses you.
There is an open door here.
You hit Grinder. You bite Grinder.
Grinder's magic leaks into the air.
You drain her magic.
You feel invigorated.
Grinder is heavily wounded.
Grinder gestures at you.
You suddenly lose the ability to move!
Grinder drinks a potion.
Grinder seems to grow stronger.
Grinder hits you!
* * * LOW HITPOINT WARNING * * *
Grinder hits you.
* * * LOW HITPOINT WARNING * * *
Grinder hits you.
* * * LOW HITPOINT WARNING * * *
You writhe in agony.
You die...

################
#####..............#
#............#####.#
#................#+###
#....................#
#...........#.)......#
###..†.###[#........#
...5...o# #.#...<..###
........# #@#...........
........##..5..........#
........##...#..........
........##...#####......
........###+## ......
###.....# ####.. ..


You could see Grinder.

Vanquished Creatures
  Jessica (D:2)
  2 adders (D:2)
  2 dart slugs (D:2)
  4 leopard geckos
  4 orcs (D:3)
  2 bat zombies (D:2)
  A giant cockroach (D:1)
  3 goblins
  6 hobgoblins
  3 bats
  2 frilled lizards (D:2)
  4 kobolds
  5 rats
  3 rat zombies (D:2)
42 creatures vanquished.

Notes
Turn   | Place    | Note
-------+----------+-------------------------------------------
     0 | D:1      | pmoppi the Vine Stalker Monk began the quest for the Orb.
     0 | D:1      | Reached XP level 1. HP: 11/11 MP: 2/2
   293 | D:1      | Reached XP level 2. HP: 11/16 MP: 3/3
  1144 | D:2      | Noticed Jessica
  1159 | D:2      | Killed Jessica
  1159 | D:2      | Reached XP level 3. HP: 20/20 MP: 4/4
  1307 | D:2      | Found an ancient bone altar of Kikubaaqudgha.
  1362 | D:2      | Reached skill level 1 in Armour
  1443 | D:2      | Gained mutation: Your natural rate of healing is unusually
                  | fast. [Vine Stalker growth]
  1443 | D:2      | Reached XP level 4. HP: 23/24 MP: 5/5
  1532 | D:2      | Found a sacrificial altar of Ru.
  1704 | D:2      | Found an ornate altar of the Wu Jian Council.
  1996 | D:3      | Noticed Grinder
  2033 | D:3      | Paralysed by Grinder for 6 turns
  2036 | D:3      | HP: 1/24 [Grinder (1)]
  2036 | D:3      | Slain by Grinder

Vault maps used:
D:1:      kilobyte_arrival_exit_the_forest
D:2:      lemuel_zombie_altar_kikubaaqudgha, marbit_many_paths,
          nicolae_overflow_crystal_walls, uniq_jessica
D:3:      ebering_ghost_disaster_area, minmay_misc_feat_nine_boxes, uniq_grinder

Skill      XL: |  1  2  3 |
---------------+----------+-----
Maces & Flails | 3 |  3.6
Fighting       | 3 |  3.2
Armour         | 1 |  1.2
Dodging        | |  2.9
Stealth        | |  2.4

Action                   |  1- 3 |  4- 6 || total
-------------------------+-------+-------++-------
Melee: Mace              |    69 |    50 ||   119
       Bite              |    16 |    12 ||    28
 Stab: Sleeping          |     5 |     2 ||     7
       Distracted        |     1 |       ||     1
  Eat: Chunk             |     2 |     1 ||     3
Armor: Robe              |    20 |    14 ||    34
Dodge: Dodged            |    51 |    38 ||    89

Table legend:
 A = Non-vault XP
 B = Vault XP
 C = Vault XP percentage of total XP
 D = Non-vault monster count
 E = Vault monster count
 F = Vault count percentage of total count
                 A         B        C        D         E       F
            +---------+---------+-------+---------+---------+-------
      Total |      93 |      46 |  33.1 |      35 |       7 |  16.7
            +---------+---------+-------+---------+---------+-------
        D:1 |      22 |       0 |   0.0 |      12 |       0 |   0.0
        D:2 |      55 |      46 |  45.5 |      16 |       7 |  30.4
        D:3 |      16 |       0 |   0.0 |       7 |       0 |   0.0
            +---------+---------+-------+---------+---------+-------
